 Dungeon Crawl Stone Soup version bcrawl-1.13.1 (webtiles) character file.

Game seed: 1309328357380125275

27 Flugkiller the Magician (level 2, 0/17 HPs)
             Began as a Skeleton Wizard on Aug 5, 2019.
             Slain by a worm (11 damage)
             ... on level 2 of the Dungeon.
             The game lasted 00:01:28 (1441 turns).

Flugkiller the Magician (Skeleton Wizard)           Turns: 1441, Time: 00:01:29

Health: 0/17       AC:  2    Str: 13    XL:     2   Next: 93%
Magic:  0/8        EV: 12    Int: 16    God:
Gold:   72         SH:  0    Dex:  7    Spells: 8/11 levels left

rFire    . . .     SeeInvis .   e - -1 short sword (curse)
rCold    + . .     Gourm    .   (no shield)
rNeg     + + +     Faith    .   b - +0 robe
rPois    ∞         Spirit   +   c - +0 hat
rElec    .         Reflect  .   (no cloak)
rCorr    .         Harm     .   (no gloves)
MR       .....                  (no boots)
Stlth    ++........             (no amulet)
HPRegen  0.05/turn              (no ring)
MPRegen  0.11/turn              (no ring)

@: no status effects
A: no food or potions, cold resistance 1, deterioration 1, negative energy
resistance 3, torment resistance, unbreathing, magic shield, sturdy frame 1,
spell healing
a: no special abilities


You were on level 2 of the Dungeon.
You were not hungry.

You visited 1 branch of the dungeon, and saw 2 of its levels.

You collected 72 gold pieces.

Inventory:

Hand Weapons
 a - a +0 staff
 e - a cursed -1 short sword (weapon)
 h - a +3 dagger
Armour
 b - a +0 robe (worn)
 c - a +0 hat (worn)
Jewellery
 d - a +2 ring of dexterity {unknown}
Scrolls
 f - a scroll of magic mapping {unknown}
 g - a scroll of identify {unknown}


   Skills:
 + Level 1.7 Fighting
 - Level 2.0 Dodging
 - Level 2.4 Stealth
 + Level 5.2 Spellcasting
 - Level 1.2 Conjurations
 - Level 1.1 Summonings
   Level 0.7 Translocations


You had 8 spell levels left.
You knew the following spells:

 Your Spells              Type           Power        Failure   Level  Hunger
a - Magic Dart            Conj           #...         9%          1    N/A
b - Call Imp              Summ           #.......     14%         2    N/A

Your spell library contained the following spells:

 Spells                   Type           Power        Failure   Level  Hunger
 Slow                     Hex            #.......     16%         1    N/A
 Blink                    Tloc           N/A          17%         2    N/A
 Conjure Flame            Conj/Fire      #.......     34%         3    N/A
 Mephitic Cloud           Conj/Pois/Air  #.......     36%         3    N/A

Dungeon Overview and Level Annotations

Branches:
Dungeon (2/12)

Altars:
Uskayaw


Innate Abilities, Weirdness & Mutations

You do not eat or drink.
You are immune to poison.
Your flesh is cold resistant. (rC+)
Your body sometimes deteriorates upon taking damage.
You are immune to negative energy. (rN+++)
You are immune to unholy pain and torment.
You can survive without breathing.
When hurt, damage is shared between your health and your magic reserves.
Your movements are slightly less encumbered by armour. (ER -2)
Casting spells heals you.


Message History

Your crimson imp disappears in a puff of smoke!
The worm closely misses you.
Your crimson imp blinks!
Your crimson imp hits the worm.
Your crimson imp barely misses the worm.
Your crimson imp barely misses the worm.
Your crimson imp hits the worm.
Your crimson imp blinks!
Your crimson imp disappears in a puff of smoke!
Casting: Magic Dart (safe; 9% risk of failure)
Confirm with . or Enter, or press ? or * to list all spells.
A beastly little devil appears in a puff of flame.
The worm bites you.
You hit the worm.
The worm is severely wounded.
You hit the worm.
The worm is almost dead.
The worm bites you!
Ouch! That really hurt!
You die...

..# #..............#######
..# #......###...........#
..# #...8..._...8...........
..####......%.!...........$..
......#..8.......8...........
............................
.........8.......8........#
.^..............5.........###
...............w@............
.......>.............<.......
.......#..........###........
.......#.......#### #........
##+#+ #......## #........
##....... #....####
.......... .....# ##........
...... .......


You could see a worm and a friendly crimson imp.

Vanquished Creatures
  A dart slug (D:1)
  5 jackals (D:1)
  2 kobolds (D:1)
  A quokka (D:1)
  2 bats (D:1)
  4 frilled lizards (D:1)
  6 goblins (D:1)
  2 rats (D:1)
23 creatures vanquished.

Notes
Turn   | Place    | Note
-------+----------+-------------------------------------------
     0 | D:1      | Flugkiller the Skeleton Wizard began the quest for the Orb.
     0 | D:1      | Reached XP level 1. HP: 10/10 MP: 5/5
   249 | D:1      | Reached skill level 1 in Fighting
   250 | D:1      | Reached XP level 2. HP: 16/16 MP: 2/7
   588 | D:1      | Reached skill level 5 in Spellcasting
  1145 | D:2      | Found a hide-covered altar of Uskayaw.
  1361 | D:1      | Learned a level 2 spell: Call Imp
  1441 | D:2      | Slain by a worm

Skill      XL: |  1  2 |
---------------+-------+-----
Fighting       | 1 |  1.7
Spellcasting   | 5 |  5.2
Dodging        | |  2.0
Stealth        | |  2.4
Conjurations   | |  1.2
Summonings     | |  1.1
Translocations | |  0.7

Action                   || total
-------------------------++-------
Melee: Staff             ||    12
       Short sword       ||    20
 Cast: Magic Dart        ||    54
       Call Imp          ||     4
Armor: Robe              ||     5
Dodge: Dodged            ||    24
